 Dungeon Crawl Stone Soup version 0.26.1-2-gb8aa6d0cf2 (webtiles) character file.

Game seed: 13319198546370841411

319 Gadfly the Gusty (level 6, 0/34 HPs)
             Began as a Tengu Air Elementalist on Feb 18, 2021.
             Was a Follower of the Shining One.
             Slain by an ice beast (14 damage)
             ... on level 4 of the Dungeon.
             The game lasted 00:06:48 (3357 turns).

Gadfly the Gusty (Tengu Air Elementalist)           Turns: 3357, Time: 00:06:48

Health: 0/34       AC:  3    Str:  8    XL:     6   Next: 45%
Magic:  20/20      EV: 17    Int: 17    God:    the Shining One [*.....]
Gold:   117        SH:  0    Dex: 17    Spells: 0/10 levels left

rFire    + . .     SeeInvis .   d - +3 short sword
rCold    . . .     Faith    .   (no shield)
rNeg     . . .     Spirit   .   a - +0 robe
rPois    .         Reflect  .   (helmet restricted)
rElec    .         Harm     .   g - +0 cloak
rCorr    .         Rampage  .   (no gloves)
Will     .....                  (boots unavailable)
Stlth    +.........             c - amulet of regeneration
HPRegen  0.00/turn              (no ring)
MPRegen  0.17/turn              k - ring of magical power

@: flying quickly and evasively, glowing, quick
A: beak, talons 3, agile 1, fire resistance 1, inhibited regeneration, able to
fly
a: Stop Flying, Renounce Religion


You were on level 4 of the Dungeon.
You worshipped the Shining One.
The Shining One was aware of your devotion.
You visited 1 branch of the dungeon, and saw 4 of its levels.

You collected 117 gold pieces.

Inventory:

Hand Weapons
 d - a +3 short sword (weapon)
Armour
 a - a +0 robe (worn)
 g - a +0 cloak (worn)
Jewellery
 b - an uncursed ring of fire
 c - an amulet of regeneration (around neck)
 k - a ring of magical power (right hand)
Scrolls
 e - 5 scrolls of teleportation
 f - a scroll of remove curse
 h - a scroll of amnesia
 j - 3 scrolls of identify
Potions
 i - 2 potions of curing


   Skills:
 + Level 1.3 Fighting
 * Level 3.7 Dodging
 - Level 2.0 Stealth
 * Level 2.9 Spellcasting
 * Level 3.5 Conjurations
 * Level 2.4 Summonings
 + Level 4.7 Air Magic
 * Level 2.3 Evocations


You couldn't memorise any spells.
You knew the following spells:

 Your Spells              Type           Power        Failure   Level
a - Shock                 Conj/Air       64%          3%          1
b - Swiftness             Air            18%          3%          2
c - Static Discharge      Conj/Air       16%          10%         3
d - Airstrike             Air            9%           24%         4

Your spell library contained the following spells:

 Spells                   Type           Power        Failure   Level
 Lightning Bolt           Conj/Air       8%           65%         5


Dungeon Overview and Level Annotations

Branches:
Dungeon (4/15)
 Temple: D:4-7

Altars:
The Shining One


Innate Abilities, Weirdness & Mutations

You have a beak for a mouth.
You have claws for feet.
You can fly continuously.
You are agile. (Dex +2)
Your flesh is heat resistant. (rF+)
You do not regenerate when monsters are visible.


Message History

You hear the rusting of a very distant drain.
You start waiting.
You hear the brisk rusting of a very distant drain.
An ice beast comes into view.
You puncture the ice beast! You claw the ice beast.
The ice beast is moderately wounded.
The ice beast hits you but does no damage.
You barely miss the ice beast.
You claw the ice beast, but do no damage.
The ice beast is moderately wounded.
The ice beast hits you. The ice beast freezes you!
You hit the ice beast.
You peck the ice beast, but do no damage.
The ice beast is heavily wounded.
The ice beast hits you but does no damage.
You hit the ice beast. Your kick misses the ice beast.
Your peck misses the ice beast.
The ice beast is heavily wounded.
The ice beast hits you. The ice beast freezes you!
You die...

.....## ##.............#
.####.###.######..####.#
.# ##.#.###......# .#
##.## #.###.## .# ##.##
#.# #.# .#####...###.#
#.# ........>..#.# #.#
#.####...#.#.# #.#
#.#####.##.#.# #@#
........##...# #Y#
#.#.#######.## #.#
#.#.#.....#.# #..
#.#.#.#.#.#.# ...
#.#...#.#...# ##.#
#.#####.##### .# ..#..
#.# .# ..#.# #.#


You could see an ice beast.

Vanquished Creatures
  A scorpion (D:4)
  A hound (D:3)
  A bullfrog skeleton (D:3)
  2 orc wizards
  6 adders
  4 worms
  2 dart slugs (D:3)
  A leopard gecko (D:2)
  6 orcs (D:3)
  12 bats
  4 giant cockroaches
  13 hobgoblins
  8 jackals
  A quokka (D:4)
  2 frilled lizards
  5 goblins
  6 kobolds
  5 rats
80 creatures vanquished.

Notes
Turn   | Place    | Note
-------+----------+-------------------------------------------
     0 | D:1      | Gadfly the Tengu Air Elementalist began the quest for the
                  | Orb.
     0 | D:1      | Reached XP level 1. HP: 10/10 MP: 4/4
   423 | D:1      | Reached XP level 2. HP: 11/15 MP: 6/6
   426 | D:1      | Learned a level 2 spell: Swiftness
   978 | D:2      | Reached XP level 3. HP: 20/20 MP: 1/7
  1082 | D:2      | Reached skill level 1 in Summonings
  1082 | D:2      | Reached skill level 1 in Evocations
  1288 | D:2      | Learned a level 3 spell: Static Discharge
  1400 | D:2      | Reached XP level 4. HP: 24/24 MP: 4/8
  1742 | D:2      | Found a glowing golden altar of the Shining One.
  1752 | D:2      | Became a worshipper of the Shining One
  2053 | D:2      | Gained mutation: You tend to lose your temper in combat.
                  | [potion of mutation]
  2053 | D:2      | Gained mutation: You do not regenerate when monsters are
                  | visible. [potion of mutation]
  2053 | D:2      | Gained mutation: You have a somewhat thin skeletal
                  | structure. (Dex +2, Stealth) [potion of mutation]
  2054 | D:2      | Lost mutation: You tend to lose your temper in combat.
                  | [potion of mutation]
  2054 | D:2      | Lost mutation: You have a somewhat thin skeletal structure.
                  | (Dex +2, Stealth) [potion of mutation]
  2054 | D:2      | Gained mutation: Your flesh is heat resistant. (rF+)
                  | [potion of mutation]
  2054 | D:2      | Gained mutation: You are agile. (Dex +2) [potion of
                  | mutation]
  2288 | D:3      | Gained mutation: You can fly continuously. [Tengu growth]
  2288 | D:3      | Reached XP level 5. HP: 28/28 MP: 9/9
  2422 | D:3      | Reached skill level 1 in Fighting
  2638 | D:3      | Reached XP level 6. HP: 13/34 MP: 10/10
  2935 | D:4      | Reached * piety under the Shining One
  3102 | D:4      | Learned a level 4 spell: Airstrike
  3350 | D:4      | Noticed an ice beast
  3357 | D:4      | Slain by an ice beast

Illustrated notes

Levels and vault maps discovered:
D:1:      dpeg_arrival_signposts, layout_loops_ring,
          chequers_serial_rivers_small_b
D:2:      layout_basic, nicolae_tso_swordbearing_angel, st_stairs_5,
          kennysheep_nub
D:3:      layout_basic
D:4:      layout_loops_ring, lemuel_blue_sif_altar, serial_shops,
          nicolae_shop_crystal, gup_sewer_entry_bubbles,
          minmay_misc_feat_ornament, minmay_quadrilaterals

Skill      XL: |  1  2  3  4  5 |
---------------+----------------+-----
Conjurations   | 2 3 |  3.5
Summonings     | 1 2 |  2.4
Evocations     | 1 2 |  2.3
Dodging        | 3 |  3.7
Fighting       | 1 |  1.3
Stealth        | |  2.0
Spellcasting   | |  2.9
Air Magic      | |  4.7

Action                   |  1- 3 |  4- 6 || total
-------------------------+-------+-------++-------
Melee: Dagger            |    19 |       ||    19
       Kick              |     7 |    29 ||    36
       Peck              |     3 |    14 ||    17
       Short sword       |    26 |   123 ||   149
 Cast: Shock             |    40 |    18 ||    58
       Static Discharge  |       |     3 ||     3
 Abil: Fly               |       |     1 ||     1
  Use: Scroll            |     7 |     2 ||     9
       Potion            |       |     3 ||     3
 Stab: Sleeping          |       |     1 ||     1
Armor: Robe              |    13 |    19 ||    32
Dodge: Dodged            |    38 |    80 ||   118
